 Dungeon Crawl Stone Soup version 0.31-a0-437-g7cee417757 (webtiles) character file.

Game seed: 10843659978502642462

342 AdnanSaban the Cudgeller (level 6, -4/38 HPs)
             Began as a Gargoyle Fighter on Aug 2, 2023.
             Slain by Blork the orc
             ... wielding a +0 scimitar
              (12 damage)
             ... on level 4 of the Dungeon.
             The game lasted 00:02:54 (2713 turns).

AdnanSaban the Cudgeller (Gargoyle Fighter)         Turns: 2713, Time: 00:02:55

Health: -4/38      AC: 17    Str: 21    XL:     6   Next: 57%
Magic:  6/6        EV:  8    Int:  9    God:
Gold:   85         SH:  4    Dex:  9    Spells: 5/5 levels left

rFire   . . .        a - +0 flail
rCold   . . .        c - +0 buckler
rNeg    + . .        o - +0 chain mail
rPois   ∞            (no helmet)
rElec   +            s - +2 cloak {rCorr}
rCorr   +            (no gloves)
SInv    .            (no boots)
Will    .....        (no amulet) Stlth
                     (no ring)
HPRegen 0.26/turn    (no ring)
MPRegen 0.10/turn

%: no passive effects
@: no status effects
A: sickness immunity, AC +4, negative energy resistance 1, electricity
resistance, torment resistance 1, petrification resistance
a: no special abilities


You were on level 4 of the Dungeon.
You visited 1 branch of the dungeon, and saw 4 of its levels.

You collected 85 gold pieces.

Inventory:

Hand Weapons
 a - a +0 flail (weapon)
Armour
 c - a +0 buckler (worn)
 o - a +0 chain mail (worn)
 s - a +2 cloak of preservation (worn)
Jewellery
 i - a ring of fire
Wands
 q - a wand of charming (9)
Scrolls
 b - a scroll of teleportation {unknown}
 e - 2 scrolls of identify {unknown}
 g - a scroll of butterflies {unknown}
 h - a scroll of enchant weapon {unknown}
 l - a scroll of blinking {unknown}
 m - a scroll of torment {unknown}
 p - a scroll of silence {unknown}
Potions
 d - a potion of might
 f - 2 potions of degeneration {unknown}
 k - a potion of attraction {unknown}
 n - a potion of lignification {unknown}
 r - a potion of mutation {unknown}


   Skills:
 + Level 4.3 Fighting
 + Level 4.9 Maces & Flails
 + Level 4.1 Armour
 + Level 1.0 Dodging
 + Level 0.3 Stealth
 + Level 4.2 Shields


You had 5 spell levels left.
You didn't know any spells.
Your spell library contained the following spells:

 Spells                   Type           Power      Damage    Failure   Level
 Scorch                   Fire           0%         2d5       99%         2
 Frozen Ramparts          Ice            0%         1d1       100%        3
 Flame Wave               Conj/Fire      0%         2d4       100%        4
 Petrify                  Tmut/Erth      0%         N/A       100%        4
 Metabolic Englaciation   Hex/Ice        0%         N/A       100%        5
 Summon Cactus Giant      Summ           0%         N/A       100%        6


Dungeon Overview and Level Annotations

Branches:
Dungeon (4/15)
 Temple: D:4-7

Altars:

Shops:
D:3 [

Annotations:
D:4 Blork the orc, Ijyb


Innate Abilities, Weirdness & Mutations

You are immune to sickness and miasma.
Your stone body is resilient. (AC +4)
You are immune to poison.
You resist negative energy. (rN+)
You are resistant to electric shocks. (rElec)
You are resistant to unholy torment.
You are immune to petrification.


Message History

The hound is almost dead.
You block Blork the orc's attack. The hound bites you but does no damage.
Blork the orc screams, "I'll drink your blood!
Soon!"
Blork the orc casts a spell at you. The puff of frost hits you!
The hound bites you but does no damage.
You barely miss the hound.
The hound is almost dead.
Blork the orc gestures at you while chanting.
The puff of frost hits you.
* * * LOW HITPOINT WARNING * * *
The hound stops to sniff the ground.
The hound bites you.
* * * LOW HITPOINT WARNING * * *
You barely miss the hound.
The hound is almost dead.
Blork the orc closely misses you. The hound bites you but does no damage.
Blork the orc hits you with a +0 scimitar.
* * * LOW HITPOINT WARNING * * *
You block the hound's attack.
Unknown command.
You hit the hound but do no damage.
The hound is almost dead.
Blork the orc hits you but does no damage.
The hound bites you but does no damage.
Blork the orc hits you but does no damage.
The hound closely misses you.
You thump the hound!
You kill the hound!
Blork the orc gestures at you while chanting.
The puff of flame misses you.
You barely miss Blork the orc.
Blork the orc is lightly wounded.
You block Blork the orc's attack. Blork the orc closely misses you.
You barely miss Blork the orc.
Blork the orc is lightly wounded.
Blork the orc hits you but does no damage. x2
You closely miss Blork the orc.
Blork the orc is lightly wounded.
Blork the orc hits you with a +0 scimitar!
You die...

#.....>.## ##.##
###...##.###.## #...###.#.##
##. ##.## ##.## .. ... #<
#.##### .#.###.. .. #.....#
....##.# ####### #####.#
#####.#..##.# #.....# #...#
...........###@....# #.###
...# #.##..go.....# #.# ..#
#.##.###.....# #.# #.#
#.##.###.....# #.#
#.###..og..######## #.#
#.##.#.....##.....# #.#
#...##...[.##.###.#####.#
#....#.....##.#.........#
.....?.#.......##.#.#)#######


You could see Blork the orc (fast) and Ijyb.

Vanquished Creatures
  An orc priest (D:3)
  Crazy Yiuf (D:3)
  A hound (D:4)
  Natasha (twice) (D:2)
  3 orc wizards (D:3)
  A gnoll (D:1)
  4 adders
  A worm (D:2)
  4 dart slugs
  8 orcs
  5 bats
  3 endoplasms
  3 giant cockroaches
  6 goblins
  4 hobgoblins
  3 jackals (D:3)
  A quokka (D:2)
  7 ball pythons
  3 frilled lizards
  10 kobolds
  4 rats
75 creatures vanquished.

Notes
Turn   | Place    | Note
-------+----------+-------------------------------------------
     0 | D:1      | AdnanSaban the Gargoyle Fighter began the quest for the
                  | Orb.
     0 | D:1      | Reached XP level 1. HP: 14/14 MP: 1/1
   262 | D:1      | Reached XP level 2. HP: 19/19 MP: 2/2
   569 | D:1      | Reached XP level 3. HP: 17/23 MP: 3/3
   977 | D:2      | Noticed Natasha
   983 | D:2      | Killed Natasha
   984 | D:2      | Reached XP level 4. HP: 17/29 MP: 4/4
  1120 | D:2      | Noticed Natasha
  1127 | D:2      | Killed Natasha
  1584 | D:2      | Reached XP level 5. HP: 32/33 MP: 5/5
  1647 | D:3      | HP: 1/33 [orc priest/divine providence (16)]
  2225 | D:3      | Found Dinafrac's Armour Shop.
  2265 | D:3      | Reached XP level 6. HP: 22/38 MP: 6/6
  2285 | D:3      | Reached skill level 1 in Dodging
  2379 | D:3      | Found a runed translucent door.
  2380 | D:3      | Noticed Crazy Yiuf
  2543 | D:3      | Killed Crazy Yiuf
  2640 | D:4      | Noticed Ijyb
  2681 | D:4      | Noticed Blork the orc
  2713 | D:4      | Slain by Blork the orc

Illustrated notes

Levels and vault maps discovered:
D:1:      dpeg_arrival_refuge, layout_loops_corners
D:2:      layout_rooms, serial_corexii_hall, corexii_hall_statues_x,
          chequers_hall_statues_corner_a, chequers_hall_statues_wall_a,
          corexii_hall_statues_u, serial_park_tiny_1, uniq_natasha
D:3:      layout_rooms, serial_shops, nicolae_shop_rolling_square,
          uniq_crazy_yiuf_cottage
D:4:      layout_loops_cross, temple_doors_e, serial_shops, shop,
          uniq_blork_the_orc, uniq_ijyb

Skill      XL: |  1  2  3  4  5  6 |
---------------+-------------------+-----
Maces & Flails | 3 4 |  4.9
Fighting       | 4 |  4.3
Shields        | 4 |  4.2
Armour         | 4 |  4.1
Dodging        | 1 |  1.0
Stealth        | |  0.3

Action                     |  1- 3 |  4- 6 || total
---------------------------+-------+-------++-------
  Melee: Flail             |    77 |   208 ||   285
 Armour: Scale mail        |    43 |    49 ||    92
         Chain mail        |       |    88 ||    88
  Dodge: Dodged            |    43 |    96 ||   139
  Block: Buckler           |    13 |    40 ||    53

Table legend: (Time is in decaauts)
 A = Elapsed time spent in this place.
 B = Non-inter-level travel time spent in this place.
 C = Inter-level travel time spent in this place.
 D = Time resting spent in this place.
 E = Time spent auto-exploring this place.
 F = Levels seen in this place.
 G = Mean time per level.
                   A        B        C        D        E       F      G
               +--------+--------+--------+--------+--------+-----+--------+
         Total |   2785 |   2654 |    131 |    184 |   1828 |   4 |  696.2 |
       Dungeon |   2785 |   2654 |    131 |    184 |   1828 |   4 |  696.2 |
               +--------+--------+--------+--------+--------+-----+--------+

Top non-repeatable levels by time:
     D:2: 980 daAuts
     D:1: 928 daAuts
     D:3: 730 daAuts
     D:4: 145 daAuts
